 Dungeon Crawl Stone Soup version 0.30.1-11-g7821555f0a (webtiles) character file.

Game seed: 14593478106488977571

225 Dillybarz the Chopper (level 5, -13/47 HPs)
             Began as a Minotaur Fighter on Nov 13, 2023.
             Was an Initiate of Okawaru.
             Mangled by Edmund
             ... wielding a +3 flail of protection
              (17 damage)
             ... on level 4 of the Dungeon.
             The game lasted 00:08:26 (2663 turns).

Dillybarz the Chopper (Minotaur Fighter)            Turns: 2663, Time: 00:08:27

Health: -13/47     AC:  8    Str: 22    XL:     5   Next: 68%
Magic:  4/4        EV: 14    Int:  5    God:    Okawaru [......]
Gold:   209        SH:  4    Dex: 10    Spells: 4/4 levels left

rFire   . . .        a - +0 war axe
rCold   . . .        c - +0 buckler
rNeg    . . .        b - +0 scale mail
rPois   .            (helmet restricted)
rElec   .            p - +0 cloak
rCorr   .            (no gloves)
SInv    .            (no boots)
Will    .....        (no amulet) Stlth
                     r - +5 ring of evasion
HPRegen 0.27/turn    (no ring)
MPRegen 0.09/turn

%: no passive effects
@: no status effects
A: horns 2, retaliatory headbutt
a: Renounce Religion


You were on level 4 of the Dungeon.
You worshipped Okawaru.
Okawaru was noncommittal.
You visited 2 branches of the dungeon, and saw 5 of its levels.

You collected 209 gold pieces.

Inventory:

Hand Weapons
 a - a +0 war axe (weapon)
Missiles
 e - 16 stones (quivered)
 f - 10 poisoned darts
 g - 6 silver boomerangs
 k - 3 boomerangs
Armour
 b - a +0 scale mail (worn)
 c - a +0 buckler (worn)
 p - a +0 cloak (worn)
Jewellery
 r - a +5 ring of evasion (left hand)
Wands
 l - a wand of mindburst (14)
 q - a wand of paralysis (9)
Scrolls
 j - a scroll of amnesia {unknown}
 s - a scroll of teleportation {unknown}
 w - a scroll of silence {unknown}
Potions
 d - a potion of might
 h - a potion of invisibility
 i - a potion of attraction {unknown}
 m - a potion of degeneration {unknown}
 n - 2 potions of magic
 o - a potion of mutation {unknown}
 t - 2 potions of lignification {unknown}
 u - 2 potions of resistance {unknown}
 v - a potion of curing {unknown}


   Skills:
 + Level 4.6 Fighting
 * Level 5.0 Axes
 + Level 4.7 Armour
 + Level 4.7 Shields


You had 4 spell levels left.
You didn't know any spells.
Your spell library was empty.

Dungeon Overview and Level Annotations

Branches:
Dungeon (4/15)             Temple (1/1) D:4

Altars:
Ashenzari
Dithmenos
Elyvilon
Fedhas
Gozag
Hepliaklqana
Kikubaaqudgha
Makhleb
Nemelex Xobeh
Okawaru
Qazlal
Ru
Trog
Uskayaw
Vehumet
Wu Jian
Xom
Yredelemnul

Annotations:
D:4 Edmund


Innate Abilities, Weirdness & Mutations

You have a pair of horns on your head.
You reflexively headbutt those who attack you in melee.


Message History

You closely miss Edmund. Edmund misses you. You furiously retaliate!
You headbutt Edmund. You hit Edmund but do no damage.
Edmund is lightly wounded.
Edmund closely misses you. You block Edmund's attack.
You hit Edmund but do no damage. You headbutt Edmund, but do no damage.
Edmund is lightly wounded.
Edmund drinks a potion.
Edmund goes berserk!
You hit Edmund but do no damage. Your headbutt misses Edmund.
Edmund is lightly wounded.
Edmund hits you with a +3 flail of protection.
Edmund closely misses you.
You slash Edmund! Your headbutt misses Edmund.
Edmund is moderately wounded.
Edmund hits you but does no damage. Edmund barely misses you.
You furiously retaliate!
You headbutt Edmund. You hit Edmund but do no damage.
Edmund is moderately wounded.
Edmund hits you with a +3 flail of protection!
Edmund hits you with a +3 flail of protection.
You barely miss Edmund. You headbutt Edmund.
Edmund is moderately wounded.
Edmund hits you with a +3 flail of protection.
Edmund misses you. You furiously retaliate!
You headbutt Edmund. You slash Edmund! Your headbutt misses Edmund.
Edmund is heavily wounded.
Edmund misses you.
Edmund hits you with a +3 flail of protection!
* * * LOW HITPOINT WARNING * * *
You barely miss Edmund. You headbutt Edmund!
Edmund is severely wounded.
Edmund closely misses you.
Edmund hits you with a +3 flail of protection!
* * * LOW HITPOINT WARNING * * *
You hit Edmund but do no damage.
Edmund is severely wounded.
Edmund misses you. x2
Edmund attacks as you move away!
Edmund hits you with a +3 flail of protection!
You die...

....######..#######*
........##..#......#
........#...#......#
........#...#......#
.8......'...#......#
.⌠......#####......*
...##....# *#....#*
...>#....# #.@.$#
....#....# #..@.#
#...'....# #....#
###.#....#####....######
###'##.................#
†....#.................#
.....#.................#
.....+.................#
.##.##.................#
.##.#######..........###


You could see Edmund (berserk).

Vanquished Creatures
  3 hounds (D:4)
  5 adders
  2 worms (D:2)
  3 dart slugs
  3 orcs (D:4)
  6 ball pythons
  5 endoplasms
  A giant cockroach (D:4)
  5 goblins
  5 hobgoblins
  16 jackals
  2 quokkas
  6 bats
  2 frilled lizards (D:3)
  4 kobolds
  8 rats
76 creatures vanquished.

Notes
Turn   | Place    | Note
-------+----------+-------------------------------------------
     0 | D:1      | Dillybarz the Minotaur Fighter began the quest for the Orb.
     0 | D:1      | Reached XP level 1. HP: 19/19 MP: 0/0
   216 | D:1      | Reached XP level 2. HP: 26/27 MP: 1/1
   253 | D:1      | Reached skill level 3 in Axes
   670 | D:2      | Reached XP level 3. HP: 33/33 MP: 2/2
  1078 | D:2      | Reached XP level 4. HP: 40/40 MP: 3/3
  1272 | D:3      | Noticed a great orb of eyes
  1275 | D:3      | Found a faded altar of an unknown god.
  1276 | D:3      | Noticed a great orb of eyes
  1276 | D:3      | Noticed a great orb of eyes
  1276 | D:3      | Noticed a shining eye
  1362 | D:3      | Reached skill level 4 in Axes
  1842 | D:4      | Found a staircase to the Ecumenical Temple.
  1854 | D:4      | Reached XP level 5. HP: 44/47 MP: 4/4
  1900 | Temple   | Entered the Ecumenical Temple
  1934 | Temple   | Became a worshipper of Warmaster Okawaru
  2648 | D:4      | Reached skill level 5 in Axes
  2649 | D:4      | Noticed Edmund
  2663 | D:4      | Mangled by Edmund

Illustrated notes

Levels and vault maps discovered:
D:1:      lightli_molten_gateway, layout_basic, hangedman_decor_growths,
          minmay_door_square
D:2:      layout_rooms, roderic_serpentine_path, chequers_serial_rivers_micro_b,
          corexii_hall_statues_s, minmay_misc_feat_enclosed
D:3:      layout_basic, hellmonk_ecumenical_altar_watching_god,
          minmay_misc_feat_ornament, wander_ebering_terrifying_dragon_lair
D:4:      layout_gridville, minmay_temple_entry_drinking_statues, uniq_edmund
Temple:   mainiacjoe_temple_coin_purse

Skill      XL: |  1  2  3  4  5 |
---------------+----------------+-----
Axes           | 3 4 5 |  5.0
Fighting       | 4 |  4.6
Armour         | 4 |  4.7
Shields        | 4 |  4.7

Action                     |  1- 3 |  4- 6 || total
---------------------------+-------+-------++-------
  Melee: War axe           |    85 |    74 ||   159
         Headbutt          |    12 |    16 ||    28
    Use: Scroll            |     2 |     4 ||     6
 Armour: Scale mail        |    54 |    25 ||    79
  Dodge: Dodged            |    33 |    54 ||    87
  Block: Buckler           |    23 |    19 ||    42
